 Dungeon Crawl Stone Soup version 0.26.1-2-gb8aa6d0cf2 (webtiles) character file.

Game seed: 14989308958638454832

25 BOMJPIETVODKU the Skirmisher (level 2, -3/23 (24) HPs)
             Began as a Demonspawn Fighter on Feb 15, 2021.
             Slain by Menkaure (16 damage)
             ... on level 2 of the Dungeon.
             The game lasted 00:02:53 (1067 turns).

BOMJPIETVODKU the Skirmisher (Demonspawn Fighter)   Turns: 1067, Time: 00:02:54

HP:   -3/23 (24)    AC:  6    Str: 16    XL:     2   Next: 86%
MP:   2/2           EV:  7    Int:  9    God:
Gold: 35            SH:  8    Dex: 12    Spells: 1/1 levels left

rFire    . . .     SeeInvis .   a - +0 long sword
rCold    . . .     Faith    .   c - +0 kite shield
rNeg     . . .     Spirit   .   b - +0 scale mail
rPois    .         Reflect  .   (no helmet)
rElec    .         Harm     .   (no cloak)
rCorr    .         Rampage  .   (no gloves)
Will     .....                  (no boots)
Stlth    ..........             (no amulet)
HPRegen  0.07/turn              (no ring)
MPRegen  0.08/turn              (no ring)

@: lightly drained
A: sturdy frame 1
a: no special abilities


You were on level 2 of the Dungeon.
You visited 1 branch of the dungeon, and saw 2 of its levels.

You collected 35 gold pieces.

Inventory:

Hand Weapons
 a - a +0 long sword (weapon)
Armour
 b - a +0 scale mail (worn)
 c - a +0 kite shield (worn)
Jewellery
 m - an uncursed ring of fire
Scrolls
 e - a scroll of blinking {unknown}
 f - 2 scrolls of identify {unknown}
 g - 2 scrolls of magic mapping {unknown}
 h - 3 scrolls of teleportation {unknown}
 i - a scroll of remove curse {unknown}
Potions
 d - 2 potions of might
 j - a potion of degeneration {unknown}
 k - 2 potions of curing {unknown}
 l - a potion of mutation {unknown}


   Skills:
 + Level 3.3 Fighting
 + Level 2.1 Long Blades
 + Level 3.0 Armour
 + Level 0.2 Dodging
 + Level 2.9 Shields


You had one spell level left.
You didn't know any spells.
Your spell library was empty.

Dungeon Overview and Level Annotations

Branches:
Dungeon (2/15)

Altars:
Ashenzari
Kikubaaqudgha
Yredelemnul

Annotations:
D:2 1 transporter, Menkaure


Innate Abilities, Weirdness & Mutations

Your movements are slightly less encumbered by armour. (ER -2)


Message History

Menkaure, Prince of Dust comes into view.
Found two items.
Found an ancient bone altar of Kikubaaqudgha and a basalt altar of Yredelemnul.
Menkaure points at you and mumbles some strange words.
You barely resist.
Menkaure points at you and mumbles some strange words.
Pain shoots through your body!
Found a trident and a runed dire flail.
Found a transporter.
A wight comes into view. It is wielding a +0 spear.
You block Menkaure's attack.
Your shield and scale mail prevent you from hitting Menkaure.
Menkaure closely misses you.
You barely miss Menkaure.
The wight hits you from afar with a cursed +0 spear.
You feel drained. Menkaure closely misses you.
You hit Menkaure but do no damage. You block the quokka skeleton's attack.
You block the wight's attack. The adder zombie closely misses you.
Menkaure hits you!
Ouch! That really hurt!
You die...

...#...###....
................ .....##
####...######## ###....
..<.#).#....... .©#..#
....#..#....... .)#$###
....##.#..###.###.$#....
....##.#..#8#.#8#._#.#.#
.......#.......Z..$#...#
#.##..§#.....©.Z@M⌠#©..#
#. ##..#..........)#..##
#. ##.#..#8#.#8#z_#.##
#.#..###.###.$#.#
#.#....... .)#.#
#.#....... ..#.#
#.######## ###.#
#.......... ....#


You could see Menkaure, a wight, an adder zombie and a quokka skeleton.

Vanquished Creatures
  7 bats (D:1)
  3 giant cockroaches (D:1)
  4 goblins
  3 hobgoblins (D:1)
  2 kobolds (D:1)
  2 rats (D:1)
21 creatures vanquished.

Notes
Turn   | Place    | Note
-------+----------+-------------------------------------------
     0 | D:1      | BOMJPIETVODKU the Demonspawn Fighter began the quest for
                  | the Orb.
     0 | D:1      | Reached XP level 1. HP: 18/18 MP: 1/1
   203 | D:1      | Gained mutation: Your movements are slightly less
                  | encumbered by armour. (ER -2) [demonic ancestry]
   203 | D:1      | Reached XP level 2. HP: 24/24 MP: 2/2
   204 | D:1      | Found a broken altar of Ashenzari.
  1049 | D:2      | Found a transporter.
  1061 | D:2      | Noticed Menkaure
  1061 | D:2      | Found an ancient bone altar of Kikubaaqudgha.
  1061 | D:2      | Found a basalt altar of Yredelemnul.
  1062 | D:2      | Found the +7 pair of quick blades "Gyre" and "Gimble"
                  | {protect}
  1063 | D:2      | Found a transporter.
  1064 | D:2      | Noticed a wight
  1067 | D:2      | Slain by Menkaure

Illustrated notes

Levels and vault maps discovered:
D:1:      amcnicky_arrival_underground_garden, layout_loops_ring,
          kennysheep_nondescript, nicolae_ashenzari_panopticon
D:2:      layout_loops_ring, gammafunk_temple_of_torment,
          nicolae_gozag_cash_rules_everything_around_me,
          chequers_ecumenical_altar_lobes

Skill      XL: |  1  2 |
---------------+-------+-----
Long Blades    | 2 |  2.1
Armour         | 3 |  3.0
Fighting       | |  3.3
Dodging        | |  0.2
Shields        | |  2.9

Action                   || total
-------------------------++-------
Melee: Long sword        ||    76
Armor: Scale mail        ||    49
Dodge: Dodged            ||    33
Block: Kite shield       ||    72
       Rpst.: Long sword ||    12
